 Dungeon Crawl Stone Soup version 0.17.1-1-g73c8601 (webtiles) character file.

340 rutigerpupkin the Firebug (level 6, -1/32 HPs)
             Began as a Gargoyle Fire Elementalist on Apr 2, 2016.
             Slain by Grinder (5 damage)
             ... on level 4 of the Dungeon.
             The game lasted 00:12:02 (3720 turns).

rutigerpupkin the Firebug (GrFE)                    Turns: 3720, Time: 00:12:02

Health: -1/32      AC: 10    Str: 12    XL:     6   Next: 56%
Magic:  4/11       EV: 12    Int: 17    God:
Gold:   146        SH:  0    Dex: 10    Spells: 2 memorised, 8 levels left

rFire  . . .     SeeInvis .     t - +3 spear
rCold  . . .     Clarity  .     a - +0 robe
rNeg   + . .     SustAt   .     (no shield)
rPois  ∞         Gourm    .     (no helmet)
rElec  +         Spirit   .     i - +0 cloak
rCorr  .         Warding  .     o - +2 pair of gloves
rMut   .         Stasis   .     (no boots)
MR     .....                    (no amulet)
Stlth  ++........               (no ring)
                                f - +3 ring of slaying

@: not resistant to hostile enchantments, unstealthy
A: negative energy resistance 1, electricity resistance, unbreathing,
petrification resistance, rot immunity, AC +4
a: no special abilities


You were on level 4 of the Dungeon.
You were not hungry.

You visited 1 branch of the dungeon, and saw 4 of its levels.

You collected 146 gold pieces.

Inventory:

Hand Weapons
 q - a +0 short sword
 t - a +3 spear (weapon)
 v - a +2 hand axe of venom
Armour
 a - a +0 robe (worn)
 i - a +0 cloak (worn)
 o - a +2 pair of gloves (worn)
 D - a +0 helmet
Jewellery
 f - a +3 ring of slaying (left hand)
 p - an uncursed ring of ice
 s - an uncursed ring of poison resistance
Wands
 A - a wand of slowing (6)
 C - a wand of enslavement (7)
Scrolls
 d - 2 scrolls of enchant armour {unknown}
 e - 4 scrolls of blinking {unknown}
 g - 3 scrolls of teleportation {unknown}
 j - 2 scrolls of amnesia {unknown}
 k - 2 scrolls of remove curse {unknown}
 m - a scroll of fear {unknown}
 n - 2 scrolls of identify {unknown}
 w - 2 scrolls of noise {unknown}
 x - a scroll of enchant weapon {unknown}
 y - a scroll of recharging {unknown}
Potions
 h - a potion of agility {unknown}
 l - a potion of flight {unknown}
 z - a potion of might {unknown}
Books
 b - a book of Flames

   Spells                             Type                      Level
   a - Flame Tongue                   Conjuration/Fire             1
   b - Throw Flame                    Conjuration/Fire             2
   c - Conjure Flame                  Conjuration/Fire             3
   d - Inner Flame                    Hexes/Fire                   3
   e - Sticky Flame                   Conjuration/Fire             4
   f - Fireball                       Conjuration/Fire             5
Comestibles
 c - 3 bread rations
 r - a royal jelly
 u - a meat ration
 B - 16 chunks of flesh


   Skills:
 - Level 1.5 Dodging
 - Level 2.1 Stealth
 + Level 3.6 Spellcasting
 + Level 3.3 Conjurations
 * Level 5.4 Fire Magic


You had 8 spell levels left.
You knew the following spells:

 Your Spells              Type           Power        Failure   Level  Hunger
a - Flame Tongue          Conj/Fire      ###..        2%          1    None
b - Conjure Flame         Conj/Fire      ###.....     10%         3    ###....


Dungeon Overview and Level Annotations

Branches:
Dungeon (4/15)
 Temple: D:4-7

Altars:
Cheibriados
Elyvilon
Gozag
Kikubaaqudgha
Zin

Annotations:
D:4 Grinder


Innate Abilities, Weirdness & Mutations

You are resistant to torment.
Your stone body is resilient (AC +4).
You are immune to poison.
You resist negative energy.
You are resistant to electric shocks.
You can survive without breathing.
You are immune to petrification.
You are immune to rotting.


Message History

Grinder gestures at you. Pain shoots through your body!
* * * LOW HITPOINT WARNING * * *
Casting: Flame Tongue
Confirm with . or Enter, or press ? or * to list all spells.
Aiming: Flame Tongue
Press: ? - help, Shift-Dir - straight line, f/p - Grinder
Aim: Grinder (severely wounded)
The flame tongue hits Grinder.
Grinder is severely wounded.
Grinder barely misses you.
Casting: Flame Tongue
Confirm with . or Enter, or press ? or * to list all spells.
Aiming: Flame Tongue
Press: ? - help, Shift-Dir - straight line, f/p - Grinder
Aim: Grinder (severely wounded)
The flame tongue hits Grinder.
Grinder is almost dead.
Grinder hits you.
You die...

.... #........#
....# #........#
.....# #.........#
......#
#.).........
.......
#........###
.......##.......##
............##..#
..###.......##.#
#........@....#.#
.........5.......
.................
.................
####.............
.........>.....
......>.........
....>...........
##.............


You could see Grinder.

Vanquished Creatures
  Ijyb (D:2)
  2 hounds
  A worker ant (D:3)
  Terence (D:2)
  Natasha (twice) (D:2)
  The ghost of culcha the Sneak, a weakling SpAs (D:3)
  Robin (D:4)
  5 gnolls
  4 adders
  A worm (D:2)
  2 giant cockroaches
  17 goblins
  7 hobgoblins
  5 kobolds
  2 quokkas (D:3)
  5 bats (D:1)
  2 giant geckos (D:1)
  2 giant newts
  4 rats
65 creatures vanquished.

Notes
Turn   | Place    | Note
--------------------------------------------------------------
     0 | D:1      | rutigerpupkin the Gargoyle Fire Elementalist began the quest for the Orb.
     0 | D:1      | Reached XP level 1. HP: 10/10 MP: 3/3
   287 | D:1      | Reached XP level 2. HP: 15/15 MP: 1/5
  1227 | D:2      | Noticed Terence
  1411 | D:2      | Reached XP level 3. HP: 19/19 MP: 4/6
  1416 | D:2      | Learned a level 3 spell: Conjure Flame
  1510 | D:2      | Noticed Ijyb
  1524 | D:2      | Killed Ijyb
  1524 | D:2      | Reached skill level 4 in Fire Magic
  1524 | D:2      | Reached XP level 4. HP: 24/24 MP: 1/8
  2143 | D:2      | Reached XP level 5. HP: 25/28 MP: 6/9
  2273 | D:2      | Killed Terence
  2391 | D:2      | Noticed Natasha
  2396 | D:2      | Killed Natasha
  2408 | D:2      | Noticed Natasha
  2417 | D:2      | Killed Natasha
  2430 | D:2      | Found a glowing silver altar of Zin.
  2430 | D:2      | Found a white marble altar of Elyvilon.
  2642 | D:3      | Noticed culcha's ghost (weakling SpAs)
  2685 | D:3      | Killed culcha's ghost
  2747 | D:3      | Found an ancient bone altar of Kikubaaqudgha.
  2806 | D:3      | Reached skill level 5 in Fire Magic
  2806 | D:3      | Reached XP level 6. HP: 29/32 MP: 10/10
  2920 | D:3      | Found an opulent altar of Gozag.
  3144 | D:3      | Found a snail-covered altar of Cheibriados.
  3497 | D:4      | Noticed Robin
  3514 | D:4      | Killed Robin
  3698 | D:4      | Noticed Grinder
  3706 | D:4      | Paralysed by Grinder for 6 turns
  3720 | D:4      | Slain by Grinder

Action                   |  1- 3 |  4- 6 || total
-------------------------+-------+-------++-------
Melee: Unarmed           |     3 |       ||     3
       Short sword       |     6 |     2 ||     8
       Spear             |       |   128 ||   128
 Cast: Flame Tongue      |    42 |    42 ||    84
       Conjure Flame     |       |     3 ||     3
 Stab: Sleeping          |       |     2 ||     2
  Eat: Chunk             |     2 |     8 ||    10
